 Dungeon Crawl Stone Soup version bcrawl-1.31.4 (webtiles) character file.

Game seed: 5625168108857876042

166447 zzzzzzzz the Ducker (level 3, -1/27 HPs)
             Began as a Merfolk Transmuter on June 2, 2021.
             Slain by a goblin
             ... wielding a +1 dagger of venom
             ... led by Robin
              (4 damage)
             ... on level 2 of the Dungeon.
             The game lasted 00:04:38 (803 turns).

zzzzzzzz the Ducker (Merfolk Transmuter)             Turns: 803, Time: 00:04:39

Health: -1/27      AC:  2    Str: 10    XL:     3   Next: 95%
Magic:  6/6        EV: 13    Int: 13    God:
Gold:   25         SH:  0    Dex: 15    Spells: 6/7 levels left

rFire    . . .     SeeInvis .   g - +0 falchion
rCold    . . .     Gourm    .   (no shield)
rNeg     . . .     Faith    .   b - +0 robe
rPois    +         Spirit   .   (no helmet)
rElec    .         Reflect  .   (no cloak)
rCorr    .         Harm     .   (no gloves)
MR       .....                  (no boots)
Stlth    +.........             (no amulet)
HPRegen  0.09/turn              i - ring of poison resistance
MPRegen  0.10/turn              (no ring)

@: no status effects
A: change form in water, swift swim, stealthy swim
a: no special abilities


You were on level 2 of the Dungeon.
You were near starving.

You visited 1 branch of the dungeon, and saw 2 of its levels.

You collected 25 gold pieces.

Inventory:

Hand Weapons
 g - a +0 falchion (weapon)
Missiles
 a - 120 arrows
Armour
 b - a +0 robe (worn)
Jewellery
 i - a ring of poison resistance (left hand)
Scrolls
 f - a scroll of teleportation {unknown}
 h - a scroll of enchant weapon {unknown}
Potions
 c - a potion of might {unknown}
 d - a potion of lignification
 j - a potion of invisibility {unknown}
Comestibles
 e - 4 rations {!d}


   Skills:
 + Level 2.2 Fighting
 + Level 3.5 Dodging
 - Level 3.2 Unarmed Combat
 + Level 2.5 Spellcasting
 + Level 3.5 Transmutations


You had 6 spell levels left.
You knew the following spells:

 Your Spells              Type           Power        Failure   Level  Hunger
a - Beastly Appendage     Tmut           ##....       5%          1    None

Your spell library contained the following spells:

 Spells                   Type           Power        Failure   Level  Hunger
 Sticks to Snakes         Tmut           ##......     9%          2    ##.....
 Passwall                 Tmut/Erth      #.......     19%         2    ##.....
 Spider Form              Tmut/Pois      #..          34%         3    ####...
 Ice Form                 Ice/Tmut       #.......     75%         4    ######.
 Blade Hands              Tmut           ##........   83%         5    #######


Dungeon Overview and Level Annotations

Branches:
Dungeon (2/12)

Altars:


Message History

The hobgoblin is severely wounded.
The hobgoblin hits you but does no damage.
You hit the hobgoblin but do no damage. Your headbutt misses the hobgoblin.
The hobgoblin is severely wounded.
The hobgoblin misses you.
You slash the hobgoblin!
You kill the hobgoblin!
The goblin throws a stone.
The stone hits you but does no damage.
You closely miss the goblin. The goblin hits you but does no damage.
You miss the goblin. Your headbutt misses the goblin.
The goblin hits you with a +0 club.
* * * LOW HITPOINT WARNING * * *
You slash the goblin!
You kill the goblin!
Your horns disappear.
You barely miss the goblin. The goblin closely misses you.
A rat comes into view.
You closely miss the goblin. The goblin closely misses you.
The goblin hits you with a +1 dagger of venom.
You die...

..# #. ..# #. #.# #+## #
#. #.# ##...## #.##.##.#
##.....## ......##
##.......##
######.#...####...r.....#
.g?........g@.'.........+
###.#."..####.........#
#.##?## ##.......# #.####
##.....##### #.#
##........# #.########
#..#####.# #.##.....#
#..# #.##.###.####..#####
#.##.#.............#


You could see a goblin and a rat (wandering).

Vanquished Creatures
  Robin (D:2)
  An adder (D:2)
  A dart slug (D:1)
  2 leopard geckos
  3 bats
  A giant cockroach (D:1)
  3 hobgoblins
  A jackal (D:1)
  3 kobolds (D:1)
  2 frilled lizards (D:1)
  11 goblins
  2 rats
31 creatures vanquished.

Notes
Turn   | Place    | Note
-------+----------+-------------------------------------------
     0 | D:1      | zzzzzzzz the Merfolk Transmuter began the quest for the
                  | Orb.
     0 | D:1      | Reached XP level 1. HP: 15/15 MP: 3/3
    93 | D:1      | Reached XP level 2. HP: 20/21 MP: 3/5
   663 | D:2      | Reached XP level 3. HP: 25/27 MP: 4/6
   756 | D:2      | Noticed Robin
   781 | D:2      | Killed Robin
   803 | D:2      | Slain by a goblin

Skill      XL: |  1  2  3 |
---------------+----------+-----
Dodging        | 3 |  3.5
Transmutations | 3 |  3.5
Fighting       | 2 |  2.2
Unarmed Combat | |  3.2
Spellcasting   | |  2.5

Action                   || total
-------------------------++-------
Melee: Unarmed           ||    31
       Headbutt          ||    17
       Falchion          ||    57
 Cast: Beastly Appendage ||    18
Armor: Robe              ||    16
Dodge: Dodged            ||    58
